 Dungeon Sprint DCSS version 0.19-a0-1732-g0b18a7b (webtiles) character file.

5229 Miyamura the Cleaver (level 10, -5/83 HPs)
             Began as a Minotaur Berserker on Sept 30, 2016.
             Was a High Priest of Trog.
             Shot with an arrow by a centaur warrior (17 damage)
             ... in the Dungeon (Sprint I: "Red Sonja").
             The game lasted 00:06:06 (1129 turns).

Miyamura the Cleaver (Minotaur Berserker)           Turns: 1129, Time: 00:06:07

Health: -5/83      AC: 16    Str: 22 (24) XL:     10   Next: 35%
Magic:  7/7        EV: 12    Int:  0      God:    Trog [*****.]
Gold:   487        SH:  0    Dex:  9 (10) Spells: 0 memorised, 9 levels left

rFire  . . .     SeeInvis .     h - +10 quarterstaff of Fanaticism {venom, rC+}
rCold  + . .     Gourm    .     j - +0 plate armour {rPois}
rNeg   . . .     Faith    .     (shield currently unavailable)
rPois  +         Spirit   .     (helmet restricted)
rElec  .         Dismiss  .     (no cloak)
rCorr  .         Reflect  .     (no gloves)
MR     .....     Harm     .     (no boots)
Stlth  .......... Rnd*Rage +    e - amulet of magic regeneration NoTele +
                                (no ring)
                                f - +3 ring of strength

@: slowed, lost intelligence, very slow
A: retaliatory headbutt, horns 2, berserk 3, blurry vision 1, deterioration 2,
dopey 2, frail 2, low mp 2, screaming 2, weak 2, MP-powered wands
a: Berserk, Trog's Hand, Brothers in Arms, Burn Spellbooks, Renounce Religion


You were in the Dungeon.
You worshipped Trog.
Trog was extremely pleased with you.
You were not hungry.

You visited 1 branch You collected 838 gold pieces.
You spent 351 gold pieces at shops.

Inventory:

Hand Weapons
 h - the +10 quarterstaff of Fanaticism (weapon) {venom, rC+}
   (Trog gifted it to you in the Dungeon)

   It poisons the flesh of those it strikes.
   It protects you from cold.
Armour
 j - a +0 plate armour of poison resistance (worn)
Jewellery
 e - an amulet of magic regeneration (around neck)
 f - a +3 ring of strength (left hand)
Wands
 b - a wand of heal wounds (1/9)
 l - a wand of acid (0/15)
Scrolls
 k - a scroll of remove curse
Potions
 d - 2 potions of curing
 g - 2 potions of magic
 m - a potion of might {unknown}
Comestibles
 c - a bread ration


   Skills:
 + Level 14.6 Fighting
   Level 14.7 Axes
 + Level 0.0 Staves
 + Level 14.4 Armour
 + Level 13.4 Dodging


You had 9 spell levels left.
You didn't know any spells.

Dungeon Overview and Level Annotations

Branches:
Dungeon (1/1)

Altars:
Cheibriados
Dithmenos
Elyvilon
Fedhas
Gozag
Hepliaklqana
Kikubaaqudgha
Makhleb
Nemelex Xobeh
Okawaru
Qazlal
Ru
Sif Muna
Trog
Uskayaw
Vehumet
Xom
Yredelemnul
Zin
The Shining One
Jiyva
Lugonu

Shops:
D (!([(([

Annotations:
D Sonja


Innate Abilities, Weirdness & Mutations

You reflexively headbutt those who attack you in melee.
You have a pair of horns on your head.
You have an uncontrollable temper.
Scrolls take you a little longer to read.
Your body often deteriorates upon taking damage.
You are very dopey. (Int -4)
You are very frail. (-20% HP)
Your magical capacity is very low. (-20% MP)
You sometimes yell uncontrollably at your foes.
You are very weak. (Str -4)
You expend magic power (3 MP) to strengthen your wands.


Message History

You hear a splash.
The centaur warrior shoots an arrow.
The arrow hits you!
* * * LOW HITPOINT WARNING * * *
You hear a splash.
The centaur warrior shoots an arrow.
The arrow hits you.
* * * LOW HITPOINT WARNING * * *
You hear a splash.
You see here 3 arrows.
The centaur warrior unwields an uncursed longbow.
The centaur warrior hits you but does no damage.
The centaur warrior shoots an arrow.
The arrow closely misses you. The centaur warrior misses you.
You furiously retaliate!
You headbutt the centaur warrior.
There is an open door here.
The centaur warrior shoots an arrow.
The arrow completely misses you.
You see here an arrow.
The centaur warrior wields an uncursed longbow.
The centaur warrior shoots an arrow.
The arrow barely misses you.
The centaur warrior shoots an arrow.
The arrow hits you!
You die...

#..)..#..'..#__#..')..#
'[.#..').#..(^.'..#)..#
#####'#####'#__####...+
####..#...#.####§§#####
#__####..##)#§≈§§.#
#_____##'#..+§≈§.§+
#_.∩...'.(._#§§(..#
#_..__##_(#'##c####
#_____###'#.#§c§@###
#########.####§###.##
.......'...'[....'[∩#
'')'####...##########
.....####.###
......#.#'#.#
#.....#.....#
......#.....#
...#..#######


You could see 2 centaur warriors.

Vanquished Creatures
  A deep troll (D)
  8 shining eyes (D)
  2 kobold demonologists (D)
  A slime creature (D)
  Sigmund (D)
  A yak (D)
  5 floating eyes (D)
  An ogre (D)
  A jelly (D)
  Ijyb (D)
  2 ballistomycetes (D)
  A ballistomycete spore (D)
25 creatures vanquished.

Vanquished Creatures (others)
  A gargoyle (D)
  A ballistomycete spore (D)
2 creatures vanquished.

Grand Total: 27 creatures vanquished

Notes
Turn   | Place    | Note
-------+----------+-------------------------------------------
     0 | D        | Miyamura the Minotaur Berserker began the quest for the Orb.
     0 | D        | Reached XP level 1. HP: 19/19 MP: 0/0
     1 | D        | Noticed Ijyb
    12 | D        | Killed Ijyb
    12 | D        | Reached skill level 5 in Axes
    12 | D        | Reached XP level 2. HP: 28/28 MP: 1/1
    83 | D        | Noticed an ogre
    87 | D        | Killed an ogre
    87 | D        | Reached skill level 5 in Armour
    87 | D        | Reached skill level 5 in Dodging
    87 | D        | Reached XP level 3. HP: 38/38 MP: 2/2
    87 | D        | Reached XP level 4. HP: 45/45 MP: 3/3
   135 | D        | Noticed Sigmund
   142 | D        | Killed Sigmund
   142 | D        | Reached ** piety under Trog
   142 | D        | Reached XP level 5. HP: 53/53 MP: 4/4
   195 | D        | Found a burning altar of Makhleb.
   195 | D        | Found a viscous altar of Jiyva.
   195 | D        | Found a shimmering altar of Xom.
   195 | D        | Found a corrupted altar of Lugonu.
   195 | D        | Noticed a slime creature
   200 | D        | Killed a slime creature
   200 | D        | Reached XP level 6. HP: 63/63 MP: 5/5
   261 | D        | Killed a gargoyle
   284 | D        | Found a deep blue altar of Sif Muna.
   287 | D        | Found a radiant altar of Vehumet.
   320 | D        | Found Vitzuen's Armour Emporium.
   320 | D        | Found an ancient bone altar of Kikubaaqudgha.
   320 | D        | Found a stormy altar of Qazlal.
   320 | D        | Found a blossoming altar of Fedhas.
   320 | D        | Found a bloodstained altar of Trog.
   320 | D        | Found an iron altar of Okawaru.
   320 | D        | Found a glowing golden altar of the Shining One.
   320 | D        | Found a glowing silver altar of Zin.
   320 | D        | Found a white marble altar of Elyvilon.
   320 | D        | Noticed a yak
   327 | D        | Killed a yak
   327 | D        | Reached *** piety under Trog
   327 | D        | Reached skill level 10 in Axes
   327 | D        | Reached XP level 7. HP: 63/71 MP: 6/6
   328 | D        | Found a hazy altar of Hepliaklqana.
   328 | D        | Found a hide-covered altar of Uskayaw.
   328 | D        | Found a basalt altar of Yredelemnul.
   328 | D        | Found an opulent altar of Gozag.
   328 | D        | Found a snail-covered altar of Cheibriados.
   328 | D        | Found a sacrificial altar of Ru.
   328 | D        | Found a shadowy altar of Dithmenos.
   331 | D        | Found a sparkling altar of Nemelex Xobeh.
   401 | D        | Noticed a kobold demonologist
   402 | D        | Noticed a kobold demonologist
   403 | D        | Paralysed by a floating eye for 4 turns
   404 | D        | Noticed a hellwing
   408 | D        | Paralysed by a floating eye for 3 turns
   409 | D        | Noticed a rust devil
   413 | D        | Noticed a rust devil
   413 | D        | Reached skill level 10 in Fighting
   413 | D        | Reached skill level 10 in Armour
   417 | D        | Killed a kobold demonologist
   426 | D        | Killed a kobold demonologist
   426 | D        | Reached **** piety under Trog
   426 | D        | Reached skill level 10 in Dodging
   426 | D        | Reached XP level 8. HP: 82/82 MP: 7/7
   479 | D        | Noticed a centaur warrior
   480 | D        | Noticed a centaur warrior
   490 | D        | Noticed Sonja
   642 | D        | Noticed a deep troll
   647 | D        | Killed a deep troll
   756 | D        | Found Ohuon's Weapon Boutique.
   808 | D        | Found Kameraup's Armour Emporium.
   815 | D        | Bought a +0 plate armour of poison resistance for 351 gold pieces
   995 | D        | Noticed a shining eye
   995 | D        | Noticed a shining eye
   995 | D        | Noticed a shining eye
   995 | D        | Gained mutation: You tend to lose your temper in combat. [a shining eye]
   996 | D        | Gained mutation: You often lose your temper in combat. [a shining eye]
   997 | D        | Noticed a shining eye
   997 | D        | Noticed a shining eye
   997 | D        | Noticed a shining eye
   997 | D        | Gained mutation: You are weak. (Str -2) [a shining eye]
   998 | D        | Gained mutation: You occasionally shout uncontrollably at your foes. [a shining eye]
   999 | D        | Gained mutation: Potions and wands are less effective at restoring your health. [a shining eye]
  1000 | D        | Gained mutation: You have an uncontrollable temper. [a shining eye]
  1000 | D        | Gained mutation: You are dopey. (Int -2) [a shining eye]
  1002 | D        | Reached ***** piety under Trog
  1002 | D        | Reached XP level 9. HP: 91/91 MP: 8/8
  1003 | D        | Gained mutation: You are frail. (-10% HP) [a shining eye]
  1005 | D        | Gained mutation: Your magical capacity is low. (-10% MP) [a shining eye]
  1007 | D        | Gained mutation: Potions and wands are poor at restoring your health. [a shining eye]
  1009 | D        | Killed a shining eye
  1010 | D        | Gained mutation: Scrolls take you a little longer to read. [a shining eye]
  1011 | D        | Gained mutation: You expend magic power (3 MP) to strengthen your wands. [a shining eye]
  1012 | D        | Gained mutation: Your magical capacity is very low. (-20% MP) [a shining eye]
  1013 | D        | Killed a shining eye
  1014 | D        | Killed a shining eye
  1014 | D        | Received a gift from Trog
  1015 | D        | Killed a shining eye
  1015 | D        | Lost mutation: Potions and wands are poor at restoring your health. [a shining eye]
  1016 | D        | Paralysed by a floating eye for 2 turns
  1020 | D        | Killed a shining eye
  1020 | D        | Reached XP level 10. HP: 91/91 MP: 7/7
  1024 | D        | Gained mutation: Your body sometimes deteriorates upon taking damage. [a shining eye]
  1026 | D        | Killed a shining eye
  1027 | D        | Noticed a shining eye
  1027 | D        | Noticed a shining eye
  1027 | D        | Gained mutation: You sometimes yell uncontrollably at your foes. [a shining eye]
  1027 | D        | Gained mutation: You are very frail. (-20% HP) [a shining eye]
  1028 | D        | Lost mutation: Scrolls take you a little longer to read. [a shining eye]
  1029 | D        | Lost mutation: Potions and wands are less effective at restoring your health. [a shining eye]
  1031 | D        | Lost intelligence.
  1031 | D        | Gained mutation: You are very dopey. (Int -4) [a shining eye]
  1041 | D        | Gained mutation: Scrolls take you a little longer to read. [a shining eye]
  1042 | D        | Killed a shining eye
  1042 | D        | Gained mutation: You are very weak. (Str -4) [a shining eye]
  1047 | D        | Gained mutation: Your body often deteriorates upon taking damage. [a shining eye]
  1052 | D        | Killed a shining eye
  1059 | D        | Got a transparent quarterstaff {god gift}
  1060 | D        | Identified the +10 quarterstaff of Fanaticism {venom, rC+} (Trog gifted it to you in the Dungeon)
  1074 | D        | Found Coet's Antique Weapon Shop.
  1074 | D        | Found Ciwofin's Distillery.
  1074 | D        | Found Higutow's Antique Weapon Boutique.
  1074 | D        | Found Xown's Antique Weapon Emporium.
  1129 | D        | Shot with an arrow by a centaur warrior

Vault maps used:
D:        dungeon_sprint_1

Skill      XL: |  1  2  3  4  5  6  7  8  9 10 |
---------------+-------------------------------+-----
Fighting       | 4 6 8 9 11 12 13 14 | 14.6
Axes           | 5 6 8 9 10 11 12 14 | 14.7
Armour         | 4 5 7 9 11 12 13 14 | 14.4
Dodging        | 3 5 7 8 10 11 12 13 | 13.4

Action                   |  1- 3 |  4- 6 |  7- 9 | 10-12 || total
-------------------------+-------+-------+-------+-------++-------
Melee: Hand axe          |    12 |    19 |    49 |    24 ||   104
       Headbutt          |     2 |     7 |    15 |     8 ||    32
       Quarterstaff      |       |       |       |     1 ||     1
Invok: Berserk           |     2 |     2 |     3 |       ||     7
       Trog's Hand       |       |       |     2 |       ||     2
Evoke: Wand              |       |       |     5 |       ||     5
  Use: Potion            |       |       |     4 |       ||     4
       Scroll            |       |       |     2 |       ||     2
  Eat: Chunk             |       |     2 |     6 |       ||     8
       Royal jelly       |       |       |       |     1 ||     1
Armor: Animal skin       |     1 |       |       |       ||     1
       Leather armour    |       |     3 |    13 |       ||    16
       Plate armour      |       |       |       |     8 ||     8
Dodge: Dodged            |     5 |     4 |    25 |     7 ||    41
